[ AOE2 MATCH · #476965710 ]
UnrankedItalians vs Italians
[ REPLAY ANALYSIS · EXTRACTED FROM THE RECORDED GAME ]
Feudal
10:41
Castle
14:50
Imperial
29:16
| APM avg | 27.6 |
| APM peak | 81 |
| eAPM avg | 15.7 |
| Villagers / military | 137 / 194 |
Focus
⚔️ 32.8% · 🌾 67.2%
Hand Cannoneer ×176 · Unknown (882) ×173 · Trebuchet (Packed) ×12 · Spearman ×5 · Monk ×1
Feudal
10:08
Castle
14:01
Imperial
29:13
| APM avg | 68.5 |
| APM peak | 130 |
| eAPM avg | 36.2 |
| Villagers / military | 170 / 303 |
Focus
⚔️ 53.9% · 🌾 46.1%
Mangudai ×180 · Scorpion ×60 · Scout Cavalry ×52 · Trebuchet (Packed) ×6 · Monk ×3 · Mangonel ×2
Feudal
10:52
Castle
14:59
Imperial
—
| APM avg | 21.2 |
| APM peak | 72 |
| eAPM avg | 11.9 |
| Villagers / military | 67 / 13 |
Focus
⚔️ 26.9% · 🌾 73.1%
Mangonel ×5 · Genoese Crossbowman ×5 · Battering Ram ×3
Feudal
8:26
Castle
24:44
Imperial
31:46
| APM avg | 24.7 |
| APM peak | 49 |
| eAPM avg | 18.7 |
| Villagers / military | 174 / 362 |
Focus
⚔️ 44.8% · 🌾 55.2%
Spearman ×191 · Teutonic Knight ×116 · Mangonel ×24 · Battering Ram ×14 · Bombard Cannon ×11 · Trebuchet (Packed) ×5
Feudal
11:04
Castle
14:37
Imperial
30:30
| APM avg | 27.9 |
| APM peak | 59 |
| eAPM avg | 21.0 |
| Villagers / military | 146 / 662 |
Focus
⚔️ 55.1% · 🌾 44.9%
Spearman ×481 · Unknown (882) ×257 · Militia ×155 · Battering Ram ×20 · Bombard Cannon ×6
Feudal
10:06
Castle
13:52
Imperial
66:27
| APM avg | 40.9 |
| APM peak | 78 |
| eAPM avg | 24.3 |
| Villagers / military | 309 / 244 |
Focus
⚔️ 24.1% · 🌾 75.9%
Skirmisher ×172 · Conquistador ×70 · Trade Cart ×19 · Monk ×2
Feudal
10:32
Castle
15:00
Imperial
28:36
| APM avg | 46.3 |
| APM peak | 92 |
| eAPM avg | 30.1 |
| Villagers / military | 189 / 743 |
Focus
⚔️ 57.7% · 🌾 42.3%
Spearman ×602 · Unknown (882) ×117 · Battle Elephant ×65 · Scout Cavalry ×37 · Scorpion ×32 · Trebuchet (Packed) ×6
Feudal
10:32
Castle
14:27
Imperial
29:04
| APM avg | 33.8 |
| APM peak | 56 |
| eAPM avg | 19.8 |
| Villagers / military | 117 / 63 |
Focus
⚔️ 39.1% · 🌾 60.9%
Unknown (1968) ×259 · Spearman ×55 · Monk ×4 · Petard ×4
Match map
Initial resources + every placement click. Lines = walls · curves = elevation contours. ◆ gold · ⬟ stone · ● berries · ✦ relic · ◌ wall gap
Your base· ✓ Closed at 14:50 · 0t walls · 3 gate(s)
FiveQuill1's base· ✓ Closed at 14:01 · 1t walls · 2 gate(s)
CMD_AzTraL_'s base· ✓ Closed at 14:59 · 15t walls · 2 gate(s)
gabi98bac's base· ✓ Closed at 24:44 · 0t walls · 3 gate(s)
CMD_El Primo's base· ✓ Closed at 14:37 · 0t walls · 2 gate(s)
隐藏国王's base· ✓ Closed at 13:52 · 0t walls · 2 gate(s)
CMD_Black_Legion's base· ✓ Closed at 15:00 · 0t walls · 3 gate(s)
CMD_Edahi287's base· ✓ Closed at 14:27 · 0t walls · 3 gate(s)
Smoothed initial terrain · ◌ = detected wall gap · hover for details
Inputs per minute
— lex - - FiveQuill1
Build order — lex
First 150 of 456 actions detected
| 0:01 | Create | Villager (Male) |
| 0:01 | Create | Villager (Male) |
| 0:01 | Create | Villager (Male) |
| 0:03 | Build | House |
| 0:04 | Build | House |
| 0:31 | Create | Villager (Male) |
| 0:32 | Create | Villager (Male) |
| 0:32 | Create | Villager (Male) |
| 1:44 | Create | Villager (Male) |
| 1:45 | Create | Villager (Male) |
| 1:45 | Create | Villager (Male) |
| 1:53 | Build | Lumber Camp |
| 1:59 | Create | Villager (Male) |
| 1:59 | Create | Villager (Male) |
| 2:40 | Create | Villager (Male) |
| 2:41 | Create | Villager (Male) |
| 3:02 | Create | Villager (Male) |
| 3:03 | Create | Villager (Male) |
| 3:03 | Create | Villager (Male) |
| 3:03 | Create | Villager (Male) |
| 3:40 | Build | House |
| 3:43 | Build | House |
| 3:44 | Build | House |
| 4:21 | Create | Villager (Male) |
| 4:21 | Create | Villager (Male) |
| 4:22 | Create | Villager (Male) |
| 4:22 | Create | Villager (Male) |
| 4:22 | Create | Villager (Male) |
| 4:33 | Build | Mill |
| 5:23 | Create | Villager (Male) |
| 5:23 | Create | Villager (Male) |
| 5:24 | Create | Villager (Male) |
| 5:24 | Create | Villager (Male) |
| 5:51 | Create | Villager (Male) |
| 5:52 | Create | Villager (Male) |
| 6:37 | Build | Lumber Camp |
| 7:10 | Create | Villager (Male) |
| 7:31 | Build | Farm |
| 7:33 | Build | Farm |
| 7:35 | Create | Villager (Male) |
| 7:53 | Create | Villager (Male) |
| 8:18 | Build | Mining Camp |
| 8:21 | Research | Feudal Age |
| 9:17 | Create | Villager (Male) |
| 9:17 | Create | Villager (Male) |
| 10:41 | Age | Feudal Age |
| 10:49 | Build | Market |
| 10:55 | Build | Blacksmith |
| 11:25 | Create | Villager (Male) |
| 12:10 | Research | Castle Age |
| 12:22 | Research | Double-Bit Axe |
| 12:26 | Research | Horse Collar |
| 13:15 | Build | Farm |
| 13:25 | Build | Farm |
| 13:27 | Build | Farm |
| 14:09 | Research | Wheelbarrow |
| 14:25 | Build | House |
| 14:27 | Build | House |
| 14:39 | Build | Farm |
| 14:41 | Build | Farm |
| 14:43 | Build | Farm |
| 14:50 | Age | Castle Age |
| 14:54 | Build | Town Center |
| 15:04 | Build | Town Center |
| 15:21 | Build | House |
| 15:24 | Create | Villager (Male) |
| 15:24 | Create | Villager (Male) |
| 15:29 | Research | Bow Saw |
| 16:08 | Build | Farm |
| 16:36 | Create | Villager (Male) |
| 16:52 | Create | Villager (Male) |
| 16:54 | Create | Villager (Male) |
| 17:31 | Create | Villager (Male) |
| 17:32 | Create | Villager (Male) |
| 17:44 | Build | Town Center |
| 17:47 | Create | Villager (Male) |
| 17:47 | Create | Villager (Male) |
| 17:47 | Create | Villager (Male) |
| 17:53 | Build | Farm |
| 17:56 | Build | Farm |
| 17:59 | Build | Farm |
| 18:02 | Build | Farm |
| 18:04 | Build | House |
| 18:09 | Create | Villager (Male) |
| 18:09 | Create | Villager (Male) |
| 18:09 | Create | Villager (Male) |
| 18:22 | Create | Villager (Male) |
| 18:22 | Create | Villager (Male) |
| 18:32 | Build | House |
| 18:33 | Build | House |
| 18:42 | Create | Villager (Male) |
| 18:42 | Create | Villager (Male) |
| 18:47 | Build | Farm |
| 18:49 | Build | Farm |
| 18:52 | Build | Farm |
| 18:55 | Build | Farm |
| 18:56 | Create | Villager (Male) |
| 18:56 | Create | Villager (Male) |
| 18:56 | Create | Villager (Male) |
| 19:00 | Create | Villager (Male) |
| 19:00 | Create | Villager (Male) |
| 19:02 | Create | Villager (Male) |
| 19:02 | Create | Villager (Male) |
| 19:02 | Create | Villager (Male) |
| 19:07 | Build | House |
| 19:08 | Build | House |
| 19:12 | Build | Farm |
| 19:23 | Build | Farm |
| 19:31 | Build | Farm |
| 19:37 | Build | Farm |
| 19:38 | Create | Villager (Male) |
| 19:38 | Create | Villager (Male) |
| 19:39 | Create | Villager (Male) |
| 19:39 | Create | Villager (Male) |
| 19:44 | Create | Villager (Male) |
| 19:45 | Create | Villager (Male) |
| 19:45 | Create | Villager (Male) |
| 19:45 | Create | Villager (Male) |
| 19:46 | Create | Villager (Male) |
| 19:48 | Build | Farm |
| 19:54 | Build | Farm |
| 19:57 | Create | Villager (Male) |
| 20:01 | Build | Farm |
| 20:13 | Build | Farm |
| 20:16 | Build | Farm |
| 20:19 | Create | Villager (Male) |
| 20:20 | Create | Villager (Male) |
| 20:20 | Create | Villager (Male) |
| 20:31 | Create | Villager (Male) |
| 20:32 | Create | Villager (Male) |
| 20:32 | Create | Villager (Male) |
| 20:32 | Create | Villager (Male) |
| 20:32 | Create | Villager (Male) |
| 20:44 | Research | Loom |
| 20:48 | Build | Farm |
| 20:51 | Build | Farm |
| 20:53 | Build | House |
| 20:55 | Build | House |
| 20:56 | Build | House |
| 20:58 | Create | Villager (Male) |
| 20:58 | Create | Villager (Male) |
| 20:58 | Create | Villager (Male) |
| 20:59 | Create | Villager (Male) |
| 20:59 | Create | Villager (Male) |
| 20:59 | Create | Villager (Male) |
| 21:00 | Create | Villager (Male) |
| 21:02 | Build | Farm |
| 21:04 | Build | Farm |
| 21:07 | Build | Farm |
| 21:09 | Create | Villager (Male) |
Build order — FiveQuill1
First 150 of 690 actions detected
| 0:01 | Create | Villager (Male) |
| 0:01 | Create | Villager (Male) |
| 0:02 | Build | House |
| 0:04 | Build | House |
| 0:06 | Create | Villager (Male) |
| 0:06 | Create | Villager (Male) |
| 1:33 | Create | Villager (Male) |
| 1:33 | Create | Villager (Male) |
| 1:58 | Build | Lumber Camp |
| 2:15 | Create | Villager (Male) |
| 2:15 | Create | Villager (Male) |
| 2:44 | Create | Villager (Male) |
| 2:44 | Create | Villager (Male) |
| 2:44 | Create | Villager (Male) |
| 2:47 | Build | Palisade Wall |
| 3:26 | Create | Villager (Male) |
| 3:26 | Create | Villager (Male) |
| 3:29 | Create | Villager (Male) |
| 4:08 | Build | Outpost |
| 4:13 | Build | House |
| 4:16 | Create | Villager (Male) |
| 4:16 | Create | Villager (Male) |
| 4:17 | Create | Villager (Male) |
| 4:35 | Build | Mill |
| 4:36 | Create | Villager (Male) |
| 4:38 | Build | House |
| 4:45 | Create | Villager (Male) |
| 4:45 | Create | Villager (Male) |
| 5:00 | Create | Villager (Male) |
| 5:00 | Create | Villager (Male) |
| 5:15 | Create | Villager (Male) |
| 5:23 | Create | Villager (Male) |
| 5:24 | Create | Villager (Male) |
| 6:45 | Build | Lumber Camp |
| 6:59 | Build | Farm |
| 7:00 | Build | Farm |
| 7:46 | Build | Mining Camp |
| 7:58 | Research | Feudal Age |
| 7:58 | Research | Feudal Age |
| 9:17 | Create | Villager (Male) |
| 9:17 | Create | Villager (Male) |
| 10:08 | Age | Feudal Age |
| 10:10 | Build | Market |
| 10:13 | Build | Blacksmith |
| 10:56 | Build | House |
| 11:21 | Research | Castle Age |
| 11:53 | Build | House |
| 12:28 | Create | Villager (Male) |
| 12:35 | Research | Double-Bit Axe |
| 12:59 | Build | House |
| 13:00 | Build | House |
| 14:01 | Age | Castle Age |
| 14:04 | Build | Town Center |
| 14:18 | Build | Town Center |
| 14:20 | Research | Bow Saw |
| 14:20 | Research | Bow Saw |
| 14:20 | Create | Villager (Male) |
| 14:33 | Build | Monastery |
| 14:42 | Create | Villager (Male) |
| 14:53 | Research | Horse Collar |
| 14:53 | Research | Horse Collar |
| 14:57 | Build | Farm |
| 14:58 | Build | Farm |
| 15:03 | Build | Farm |
| 15:05 | Build | Farm |
| 15:18 | Create | Villager (Male) |
| 15:21 | Build | Farm |
| 15:32 | Create | Monk |
| 15:37 | Create | Villager (Male) |
| 15:41 | Create | Villager (Male) |
| 15:41 | Create | Villager (Male) |
| 15:46 | Build | Farm |
| 15:49 | Build | Farm |
| 15:55 | Create | Villager (Male) |
| 15:55 | Create | Villager (Male) |
| 16:03 | Build | Farm |
| 16:09 | Build | Farm |
| 16:15 | Create | Monk |
| 16:16 | Create | Villager (Male) |
| 16:30 | Build | Farm |
| 16:37 | Build | Farm |
| 16:40 | Build | Farm |
| 16:42 | Build | Farm |
| 16:42 | Create | Villager (Male) |
| 16:49 | Build | Farm |
| 17:18 | Create | Villager (Male) |
| 17:18 | Create | Villager (Male) |
| 17:18 | Create | Villager (Male) |
| 17:24 | Build | Farm |
| 17:27 | Build | Farm |
| 17:29 | Build | Farm |
| 17:30 | Create | Villager (Male) |
| 17:40 | Create | Villager (Male) |
| 17:40 | Create | Villager (Male) |
| 17:46 | Build | Farm |
| 17:51 | Create | Villager (Male) |
| 17:59 | Create | Villager (Male) |
| 18:00 | Create | Villager (Male) |
| 18:06 | Create | Villager (Male) |
| 18:17 | Create | Villager (Male) |
| 18:17 | Create | Villager (Male) |
| 18:31 | Create | Villager (Male) |
| 18:31 | Create | Villager (Male) |
| 18:35 | Build | Farm |
| 18:35 | Build | Farm |
| 18:35 | Build | Farm |
| 18:59 | Create | Villager (Male) |
| 18:59 | Create | Villager (Male) |
| 18:59 | Create | Villager (Male) |
| 19:00 | Create | Villager (Male) |
| 19:18 | Build | Town Center |
| 19:18 | Create | Villager (Male) |
| 19:19 | Create | Villager (Male) |
| 19:25 | Create | Villager (Male) |
| 19:28 | Build | House |
| 19:29 | Build | House |
| 19:30 | Build | Farm |
| 19:32 | Build | House |
| 20:07 | Create | Villager (Male) |
| 20:07 | Create | Villager (Male) |
| 20:08 | Create | Villager (Male) |
| 20:19 | Create | Villager (Male) |
| 20:19 | Create | Villager (Male) |
| 20:19 | Create | Villager (Male) |
| 20:20 | Create | Villager (Male) |
| 20:32 | Create | Villager (Male) |
| 20:35 | Create | Villager (Male) |
| 20:43 | Build | Mining Camp |
| 20:48 | Build | Mining Camp |
| 20:48 | Create | Villager (Male) |
| 20:50 | Create | Villager (Male) |
| 20:51 | Build | Farm |
| 20:52 | Build | Farm |
| 20:52 | Build | Farm |
| 20:52 | Build | Farm |
| 20:52 | Build | Farm |
| 21:05 | Create | Villager (Male) |
| 21:06 | Create | Villager (Male) |
| 21:06 | Create | Villager (Male) |
| 21:11 | Build | Farm |
| 21:12 | Create | Monk |
| 21:22 | Create | Villager (Male) |
| 21:23 | Create | Villager (Male) |
| 21:25 | Build | Farm |
| 21:26 | Build | Farm |
| 21:33 | Research | Loom |
| 21:38 | Research | Wheelbarrow |
| 21:44 | Build | Farm |
| 21:45 | Build | Farm |
| 21:45 | Build | Farm |
Build order — CMD_AzTraL_
First 150 of 176 actions detected
| 0:01 | Create | Villager (Male) |
| 0:01 | Create | Villager (Male) |
| 0:02 | Create | Villager (Male) |
| 0:03 | Build | House |
| 0:06 | Build | House |
| 0:19 | Create | Villager (Male) |
| 1:24 | Create | Villager (Male) |
| 1:53 | Build | Lumber Camp |
| 1:56 | Create | Villager (Male) |
| 2:13 | Create | Villager (Male) |
| 2:48 | Create | Villager (Male) |
| 3:12 | Create | Villager (Male) |
| 3:29 | Build | House |
| 3:30 | Build | House |
| 3:40 | Create | Villager (Male) |
| 4:05 | Create | Villager (Male) |
| 4:36 | Build | Mill |
| 4:51 | Create | Villager (Male) |
| 5:17 | Create | Villager (Male) |
| 5:18 | Create | Villager (Male) |
| 5:18 | Create | Villager (Male) |
| 5:52 | Create | Villager (Male) |
| 6:13 | Build | Mining Camp |
| 6:34 | Create | Villager (Male) |
| 6:34 | Create | Villager (Male) |
| 7:27 | Create | Villager (Male) |
| 7:48 | Create | Villager (Male) |
| 7:54 | Create | Villager (Male) |
| 8:17 | Build | Outpost |
| 8:27 | Research | Feudal Age |
| 8:44 | Research | Loom |
| 8:50 | Build | Palisade Wall |
| 8:54 | Build | Palisade Wall |
| 8:55 | Build | Palisade Wall |
| 9:05 | Build | Palisade Wall |
| 9:06 | Build | Palisade Wall |
| 9:08 | Build | Palisade Wall |
| 9:10 | Create | Villager (Male) |
| 9:27 | Create | Villager (Male) |
| 9:36 | Build | Palisade Wall |
| 9:37 | Build | Palisade Wall |
| 9:40 | Build | Palisade Wall |
| 9:41 | Build | Palisade Wall |
| 10:52 | Age | Feudal Age |
| 10:55 | Build | Market |
| 10:59 | Build | Blacksmith |
| 11:05 | Build | House |
| 11:10 | Build | House |
| 11:12 | Build | Palisade Wall |
| 11:30 | Build | House |
| 11:33 | Build | House |
| 12:19 | Research | Castle Age |
| 12:23 | Build | House |
| 12:50 | Build | Mining Camp |
| 13:06 | Build | Watch Tower |
| 13:21 | Build | Stone Wall |
| 13:22 | Build | Stone Wall |
| 13:23 | Build | Stone Wall |
| 13:51 | Build | Mining Camp |
| 14:03 | Create | Villager (Male) |
| 14:52 | Build | Stone Wall |
| 14:59 | Age | Castle Age |
| 15:02 | Build | Lumber Camp |
| 15:13 | Build | Siege Workshop |
| 15:23 | Create | Villager (Male) |
| 15:58 | Create | Mangonel |
| 16:23 | Build | Lumber Camp |
| 16:29 | Research | Double-Bit Axe |
| 17:20 | Create | Mangonel |
| 17:44 | Create | Villager (Male) |
| 17:44 | Create | Villager (Male) |
| 18:44 | Create | Mangonel |
| 21:54 | Create | Villager (Male) |
| 21:54 | Create | Villager (Male) |
| 24:36 | Create | Mangonel |
| 26:02 | Create | Villager (Male) |
| 26:07 | Create | Villager (Male) |
| 27:43 | Create | Villager (Male) |
| 27:44 | Create | Villager (Male) |
| 29:08 | Build | Town Center |
| 30:13 | Build | Farm |
| 30:14 | Build | Farm |
| 30:17 | Build | Farm |
| 30:18 | Build | Farm |
| 30:19 | Build | Farm |
| 30:43 | Create | Villager (Male) |
| 30:44 | Create | Villager (Male) |
| 31:18 | Build | Town Center |
| 31:47 | Build | Town Center |
| 31:51 | Create | Villager (Male) |
| 32:08 | Create | Villager (Male) |
| 32:24 | Create | Villager (Male) |
| 32:54 | Build | Farm |
| 32:55 | Build | Farm |
| 32:55 | Build | Farm |
| 32:55 | Build | Farm |
| 32:56 | Build | Farm |
| 32:57 | Build | Farm |
| 33:00 | Create | Villager (Male) |
| 33:08 | Build | Farm |
| 33:09 | Build | Farm |
| 33:09 | Build | Farm |
| 33:10 | Build | Farm |
| 33:12 | Create | Villager (Male) |
| 33:23 | Create | Villager (Male) |
| 33:23 | Create | Villager (Male) |
| 33:23 | Create | Villager (Male) |
| 33:26 | Build | Farm |
| 33:30 | Create | Villager (Male) |
| 33:31 | Create | Villager (Male) |
| 33:49 | Create | Villager (Male) |
| 33:54 | Create | Villager (Male) |
| 33:59 | Build | Farm |
| 34:00 | Build | Farm |
| 34:07 | Build | Farm |
| 34:09 | Build | Farm |
| 34:21 | Build | Farm |
| 34:23 | Build | Farm |
| 34:25 | Build | Farm |
| 34:27 | Build | Farm |
| 34:30 | Build | Farm |
| 34:31 | Create | Villager (Male) |
| 34:31 | Create | Villager (Male) |
| 34:32 | Create | Villager (Male) |
| 34:39 | Create | Villager (Male) |
| 34:48 | Build | Castle |
| 35:04 | Create | Villager (Male) |
| 35:09 | Build | House |
| 35:12 | Build | House |
| 36:18 | Create | Villager (Male) |
| 36:18 | Create | Villager (Male) |
| 36:18 | Create | Villager (Male) |
| 36:19 | Create | Villager (Male) |
| 36:19 | Create | Villager (Male) |
| 36:49 | Build | House |
| 36:50 | Build | House |
| 36:50 | Build | House |
| 36:50 | Build | House |
| 36:51 | Build | House |
| 36:51 | Build | House |
| 36:56 | Create | Villager (Male) |
| 36:57 | Create | Villager (Male) |
| 36:57 | Create | Villager (Male) |
| 37:27 | Build | House |
| 37:28 | Build | House |
| 37:30 | Build | House |
| 37:35 | Create | Villager (Male) |
| 37:35 | Create | Villager (Male) |
| 37:41 | Build | Farm |
| 37:43 | Build | Farm |
Build order — gabi98bac
First 150 of 517 actions detected
| 0:01 | Create | Villager (Male) |
| 0:01 | Create | Villager (Male) |
| 0:03 | Build | House |
| 0:04 | Build | House |
| 0:22 | Create | Villager (Male) |
| 0:23 | Create | Villager (Male) |
| 0:23 | Create | Villager (Male) |
| 0:23 | Create | Villager (Male) |
| 1:34 | Create | Villager (Male) |
| 1:34 | Create | Villager (Male) |
| 1:35 | Create | Villager (Male) |
| 1:54 | Build | Lumber Camp |
| 2:01 | Create | Villager (Male) |
| 2:01 | Create | Villager (Male) |
| 2:30 | Create | Villager (Male) |
| 2:31 | Create | Villager (Male) |
| 2:31 | Create | Villager (Male) |
| 3:17 | Create | Villager (Male) |
| 3:17 | Create | Villager (Male) |
| 3:29 | Build | House |
| 3:51 | Create | Villager (Male) |
| 4:27 | Create | Villager (Male) |
| 4:28 | Create | Villager (Male) |
| 4:28 | Create | Villager (Male) |
| 4:51 | Create | Villager (Male) |
| 5:01 | Research | Loom |
| 5:32 | Build | Mining Camp |
| 6:08 | Research | Feudal Age |
| 7:54 | Build | House |
| 7:57 | Create | Villager (Male) |
| 7:57 | Create | Villager (Male) |
| 8:26 | Age | Feudal Age |
| 8:29 | Build | Watch Tower |
| 8:40 | Build | Blacksmith |
| 9:14 | Create | Villager (Male) |
| 9:19 | Research | Double-Bit Axe |
| 9:26 | Research | Fletching |
| 9:37 | Create | Villager (Male) |
| 9:37 | Create | Villager (Male) |
| 9:38 | Create | Villager (Male) |
| 9:48 | Build | House |
| 10:14 | Build | Watch Tower |
| 10:16 | Create | Villager (Male) |
| 10:37 | Create | Villager (Male) |
| 10:37 | Create | Villager (Male) |
| 10:59 | Build | Mill |
| 11:02 | Create | Villager (Male) |
| 11:11 | Build | Watch Tower |
| 11:37 | Create | Villager (Male) |
| 11:37 | Create | Villager (Male) |
| 12:08 | Build | Watch Tower |
| 12:15 | Create | Villager (Male) |
| 12:41 | Create | Villager (Male) |
| 12:42 | Create | Villager (Male) |
| 12:52 | Build | House |
| 13:05 | Create | Villager (Male) |
| 13:05 | Create | Villager (Male) |
| 13:05 | Create | Villager (Male) |
| 13:18 | Create | Villager (Male) |
| 13:39 | Build | Watch Tower |
| 14:01 | Create | Villager (Male) |
| 14:02 | Create | Villager (Male) |
| 14:02 | Create | Villager (Male) |
| 14:19 | Build | Farm |
| 14:20 | Build | Farm |
| 14:21 | Build | Farm |
| 14:28 | Create | Villager (Male) |
| 14:28 | Create | Villager (Male) |
| 14:34 | Create | Villager (Male) |
| 14:35 | Create | Villager (Male) |
| 14:35 | Create | Villager (Male) |
| 14:36 | Build | Farm |
| 15:04 | Build | Farm |
| 15:08 | Create | Villager (Male) |
| 15:10 | Build | Farm |
| 15:13 | Build | Farm |
| 15:38 | Build | Watch Tower |
| 15:43 | Create | Villager (Male) |
| 15:48 | Research | Horse Collar |
| 15:48 | Research | Horse Collar |
| 15:51 | Build | House |
| 16:07 | Build | Mining Camp |
| 16:09 | Create | Villager (Male) |
| 16:15 | Build | Farm |
| 16:22 | Build | House |
| 16:44 | Create | Villager (Male) |
| 17:11 | Create | Villager (Male) |
| 17:26 | Create | Villager (Male) |
| 17:48 | Create | Villager (Male) |
| 18:17 | Create | Villager (Male) |
| 18:19 | Build | Farm |
| 18:22 | Build | Farm |
| 18:22 | Build | Farm |
| 18:22 | Build | Farm |
| 18:42 | Create | Villager (Male) |
| 19:03 | Create | Villager (Male) |
| 19:33 | Build | Market |
| 19:53 | Create | Villager (Male) |
| 20:08 | Create | Villager (Male) |
| 20:42 | Research | Wheelbarrow |
| 20:45 | Build | House |
| 22:04 | Research | Castle Age |
| 22:04 | Research | Castle Age |
| 24:15 | Create | Villager (Male) |
| 24:44 | Age | Castle Age |
| 24:51 | Build | Monastery |
| 24:56 | Build | Siege Workshop |
| 25:10 | Create | Villager (Male) |
| 25:24 | Build | University |
| 25:37 | Create | Mangonel |
| 25:41 | Create | Monk |
| 25:51 | Research | Bodkin Arrow |
| 25:53 | Create | Villager (Male) |
| 26:36 | Create | Villager (Male) |
| 26:50 | Create | Mangonel |
| 27:04 | Research | Guard Tower (upgrade) |
| 27:05 | Research | Ballistics |
| 27:06 | Research | Masonry |
| 27:36 | Create | Villager (Male) |
| 28:26 | Build | Castle |
| 28:36 | Research | Imperial Age |
| 29:08 | Create | Battering Ram |
| 29:18 | Build | Farm |
| 29:26 | Build | Lumber Camp |
| 30:11 | Build | Town Center |
| 30:18 | Build | Lumber Camp |
| 30:48 | Create | Teutonic Knight |
| 30:48 | Create | Teutonic Knight |
| 30:49 | Create | Teutonic Knight |
| 31:13 | Create | Villager (Male) |
| 31:20 | Research | Scale Mail Armor |
| 31:42 | Create | Teutonic Knight |
| 31:42 | Create | Teutonic Knight |
| 31:46 | Age | Imperial Age |
| 31:54 | Build | Stone Wall |
| 31:56 | Build | Stone Wall |
| 31:57 | Build | Stone Wall |
| 32:12 | Create | Teutonic Knight |
| 32:13 | Create | Teutonic Knight |
| 32:14 | Create | Villager (Male) |
| 32:14 | Create | Villager (Male) |
| 32:20 | Create | Villager (Male) |
| 32:20 | Create | Villager (Male) |
| 32:50 | Create | Villager (Male) |
| 32:50 | Create | Villager (Male) |
| 32:58 | Create | Villager (Male) |
| 32:58 | Create | Villager (Male) |
| 33:05 | Build | Town Center |
| 33:08 | Research | Heavy Plow |
| 33:10 | Research | Bow Saw |
Build order — CMD_El Primo
First 150 of 856 actions detected
| 0:00 | Create | Villager (Male) |
| 0:01 | Create | Villager (Male) |
| 0:01 | Create | Villager (Male) |
| 0:02 | Create | Villager (Male) |
| 0:04 | Build | House |
| 0:05 | Build | House |
| 1:23 | Create | Villager (Male) |
| 1:44 | Build | Lumber Camp |
| 1:51 | Create | Villager (Male) |
| 2:15 | Create | Villager (Male) |
| 2:33 | Create | Villager (Male) |
| 3:08 | Create | Villager (Male) |
| 3:17 | Create | Villager (Male) |
| 3:48 | Build | House |
| 3:49 | Build | House |
| 3:54 | Create | Villager (Male) |
| 4:12 | Build | House |
| 4:40 | Create | Villager (Male) |
| 4:41 | Create | Villager (Male) |
| 4:43 | Build | Mill |
| 4:58 | Create | Villager (Male) |
| 5:49 | Build | Farm |
| 5:52 | Build | Farm |
| 5:59 | Create | Villager (Male) |
| 5:59 | Create | Villager (Male) |
| 6:05 | Create | Villager (Male) |
| 6:05 | Create | Villager (Male) |
| 6:05 | Create | Villager (Male) |
| 6:08 | Build | Farm |
| 7:03 | Create | Villager (Male) |
| 7:20 | Create | Villager (Male) |
| 8:27 | Research | Feudal Age |
| 8:39 | Build | Mining Camp |
| 8:41 | Create | Villager (Male) |
| 8:42 | Create | Villager (Male) |
| 11:04 | Age | Feudal Age |
| 11:07 | Build | Market |
| 11:10 | Build | Blacksmith |
| 11:33 | Research | Double-Bit Axe |
| 11:57 | Research | Castle Age |
| 13:33 | Research | Horse Collar |
| 13:39 | Create | Villager (Male) |
| 14:37 | Age | Castle Age |
| 14:39 | Build | Town Center |
| 14:48 | Build | Town Center |
| 14:53 | Create | Villager (Male) |
| 14:59 | Build | Farm |
| 15:02 | Build | Farm |
| 15:02 | Build | Farm |
| 15:03 | Build | Farm |
| 15:03 | Build | Farm |
| 15:05 | Build | Farm |
| 15:11 | Create | Villager (Male) |
| 15:16 | Build | Farm |
| 15:16 | Build | Farm |
| 15:23 | Build | Farm |
| 15:24 | Create | Villager (Male) |
| 15:26 | Create | Villager (Male) |
| 15:35 | Build | Farm |
| 15:36 | Build | Farm |
| 15:37 | Build | Farm |
| 15:40 | Build | Farm |
| 15:46 | Create | Villager (Male) |
| 15:46 | Create | Villager (Male) |
| 15:46 | Create | Villager (Male) |
| 15:58 | Build | House |
| 16:13 | Create | Villager (Male) |
| 16:21 | Create | Villager (Male) |
| 16:31 | Build | House |
| 16:32 | Build | House |
| 16:38 | Create | Villager (Male) |
| 16:41 | Build | Farm |
| 16:49 | Create | Villager (Male) |
| 16:51 | Create | Villager (Male) |
| 17:01 | Build | Town Center |
| 17:02 | Create | Villager (Male) |
| 17:11 | Build | House |
| 17:12 | Build | House |
| 17:19 | Create | Villager (Male) |
| 17:22 | Build | Farm |
| 17:23 | Create | Villager (Male) |
| 17:25 | Build | Farm |
| 17:37 | Create | Villager (Male) |
| 17:38 | Create | Villager (Male) |
| 17:48 | Build | Farm |
| 17:49 | Build | Farm |
| 17:52 | Build | House |
| 17:53 | Build | House |
| 17:54 | Create | Villager (Male) |
| 17:57 | Create | Villager (Male) |
| 18:03 | Build | Farm |
| 18:03 | Build | Farm |
| 18:03 | Build | Farm |
| 18:04 | Build | Farm |
| 18:04 | Build | Farm |
| 18:12 | Create | Villager (Male) |
| 18:19 | Build | Farm |
| 18:20 | Create | Villager (Male) |
| 18:23 | Create | Villager (Male) |
| 18:29 | Build | Farm |
| 18:33 | Build | House |
| 18:35 | Create | Villager (Male) |
| 18:38 | Build | Farm |
| 18:39 | Build | Farm |
| 18:45 | Build | Farm |
| 18:47 | Create | Villager (Male) |
| 18:51 | Build | Farm |
| 18:55 | Create | Villager (Male) |
| 19:01 | Create | Villager (Male) |
| 19:05 | Create | Villager (Male) |
| 19:06 | Create | Villager (Male) |
| 19:08 | Build | House |
| 19:09 | Build | House |
| 19:24 | Create | Villager (Male) |
| 19:32 | Create | Villager (Male) |
| 19:33 | Create | Villager (Male) |
| 19:39 | Build | Town Center |
| 19:43 | Create | Villager (Male) |
| 19:43 | Create | Villager (Male) |
| 19:49 | Build | House |
| 19:50 | Build | House |
| 19:52 | Create | Villager (Male) |
| 20:00 | Create | Villager (Male) |
| 20:05 | Create | Villager (Male) |
| 20:06 | Create | Villager (Male) |
| 20:11 | Create | Villager (Male) |
| 20:13 | Build | Farm |
| 20:13 | Build | Farm |
| 20:14 | Build | Farm |
| 20:18 | Create | Villager (Male) |
| 20:24 | Build | Farm |
| 20:29 | Build | House |
| 20:30 | Build | House |
| 20:31 | Build | House |
| 20:36 | Create | Villager (Male) |
| 20:36 | Create | Villager (Male) |
| 20:36 | Create | Villager (Male) |
| 20:42 | Create | Villager (Male) |
| 20:42 | Create | Villager (Male) |
| 20:47 | Create | Villager (Male) |
| 20:59 | Create | Villager (Male) |
| 20:59 | Create | Villager (Male) |
| 21:03 | Build | Town Center |
| 21:04 | Build | Farm |
| 21:04 | Build | Farm |
| 21:05 | Build | Farm |
| 21:05 | Build | Farm |
| 21:05 | Build | Farm |
| 21:05 | Build | Farm |
| 21:06 | Build | Farm |
Build order — 隐藏国王
First 150 of 718 actions detected
| 0:01 | Create | Villager (Male) |
| 0:01 | Create | Villager (Male) |
| 0:02 | Create | Villager (Male) |
| 0:03 | Build | House |
| 0:07 | Build | House |
| 0:53 | Create | Villager (Male) |
| 0:54 | Create | Villager (Male) |
| 1:27 | Create | Villager (Male) |
| 1:27 | Create | Villager (Male) |
| 1:44 | Build | Lumber Camp |
| 2:04 | Create | Villager (Male) |
| 2:05 | Create | Villager (Male) |
| 2:11 | Build | House |
| 2:12 | Build | House |
| 2:29 | Create | Villager (Male) |
| 2:30 | Create | Villager (Male) |
| 2:44 | Create | Villager (Male) |
| 2:44 | Create | Villager (Male) |
| 2:44 | Create | Villager (Male) |
| 3:15 | Create | Villager (Male) |
| 3:16 | Create | Villager (Male) |
| 3:16 | Create | Villager (Male) |
| 3:57 | Create | Villager (Male) |
| 3:57 | Create | Villager (Male) |
| 4:54 | Create | Villager (Male) |
| 4:54 | Create | Villager (Male) |
| 4:54 | Create | Villager (Male) |
| 5:39 | Build | Mill |
| 5:43 | Create | Villager (Male) |
| 5:43 | Create | Villager (Male) |
| 5:44 | Create | Villager (Male) |
| 5:44 | Create | Villager (Male) |
| 5:45 | Create | Villager (Male) |
| 7:35 | Build | Mining Camp |
| 7:47 | Research | Feudal Age |
| 9:01 | Create | Villager (Male) |
| 9:01 | Create | Villager (Male) |
| 10:06 | Age | Feudal Age |
| 10:08 | Build | Market |
| 10:10 | Build | Blacksmith |
| 10:41 | Create | Villager (Male) |
| 11:02 | Build | Mining Camp |
| 11:12 | Research | Castle Age |
| 11:40 | Build | House |
| 11:56 | Build | Farm |
| 11:58 | Build | Farm |
| 12:00 | Build | Farm |
| 12:04 | Build | Farm |
| 12:27 | Research | Double-Bit Axe |
| 13:16 | Create | Villager (Male) |
| 13:20 | Research | Horse Collar |
| 13:29 | Research | Loom |
| 13:40 | Build | House |
| 13:41 | Build | House |
| 13:52 | Age | Castle Age |
| 14:04 | Build | Farm |
| 14:39 | Create | Villager (Male) |
| 14:44 | Build | Farm |
| 14:53 | Build | Farm |
| 15:19 | Create | Villager (Male) |
| 15:19 | Create | Villager (Male) |
| 15:27 | Build | Farm |
| 15:46 | Create | Villager (Male) |
| 15:49 | Build | Farm |
| 15:50 | Create | Villager (Male) |
| 16:09 | Create | Villager (Male) |
| 16:12 | Build | Lumber Camp |
| 16:26 | Research | Bow Saw |
| 16:36 | Create | Villager (Male) |
| 16:48 | Build | Farm |
| 17:00 | Build | Farm |
| 17:04 | Create | Villager (Male) |
| 17:18 | Build | Farm |
| 17:21 | Create | Villager (Male) |
| 18:24 | Build | Castle |
| 18:36 | Build | House |
| 18:39 | Create | Villager (Male) |
| 18:49 | Build | Castle |
| 18:56 | Build | Lumber Camp |
| 18:57 | Create | Villager (Male) |
| 19:03 | Build | House |
| 19:06 | Build | Outpost |
| 19:15 | Build | Town Center |
| 19:20 | Create | Villager (Male) |
| 19:30 | Research | Padded Archer Armor |
| 19:31 | Create | Villager (Male) |
| 19:47 | Create | Conquistador |
| 19:47 | Create | Conquistador |
| 19:47 | Create | Conquistador |
| 19:54 | Create | Villager (Male) |
| 20:09 | Create | Villager (Male) |
| 20:32 | Build | Outpost |
| 20:34 | Create | Villager (Male) |
| 20:40 | Build | Barracks |
| 20:42 | Research | Leather Archer Armor |
| 20:52 | Create | Villager (Male) |
| 20:55 | Build | Farm |
| 21:10 | Create | Villager (Male) |
| 21:13 | Build | Farm |
| 21:17 | Create | Villager (Male) |
| 21:25 | Build | Stable |
| 21:35 | Build | Farm |
| 21:41 | Build | Farm |
| 21:42 | Create | Villager (Male) |
| 21:42 | Create | Villager (Male) |
| 21:46 | Create | Villager (Male) |
| 21:46 | Create | Villager (Male) |
| 22:07 | Create | Conquistador |
| 22:11 | Build | House |
| 22:52 | Create | Conquistador |
| 22:52 | Create | Conquistador |
| 23:30 | Create | Villager (Male) |
| 23:30 | Create | Villager (Male) |
| 23:58 | Create | Villager (Male) |
| 24:00 | Create | Conquistador |
| 24:02 | Create | Villager (Male) |
| 24:05 | Build | Farm |
| 24:05 | Build | Farm |
| 24:06 | Build | Farm |
| 24:06 | Build | Farm |
| 24:06 | Build | Farm |
| 24:06 | Build | Farm |
| 24:09 | Create | Villager (Male) |
| 24:22 | Build | House |
| 24:23 | Build | House |
| 24:23 | Build | House |
| 24:24 | Build | House |
| 24:26 | Research | Bloodlines |
| 24:28 | Create | Villager (Male) |
| 24:28 | Create | Villager (Male) |
| 24:28 | Create | Villager (Male) |
| 24:29 | Create | Villager (Male) |
| 24:29 | Create | Villager (Male) |
| 24:29 | Create | Villager (Male) |
| 24:43 | Create | Conquistador |
| 24:44 | Create | Conquistador |
| 25:08 | Create | Conquistador |
| 25:16 | Create | Conquistador |
| 25:18 | Create | Villager (Male) |
| 25:27 | Create | Villager (Male) |
| 25:27 | Create | Villager (Male) |
| 25:28 | Create | Villager (Male) |
| 25:32 | Build | House |
| 25:53 | Create | Conquistador |
| 25:57 | Build | House |
| 26:08 | Create | Villager (Male) |
| 26:08 | Create | Villager (Male) |
| 26:10 | Create | Conquistador |
| 26:34 | Build | House |
| 26:38 | Research | Wheelbarrow |
Build order — CMD_Black_Legion
First 150 of 1321 actions detected
| 0:02 | Create | Villager (Male) |
| 0:02 | Create | Villager (Male) |
| 0:02 | Create | Villager (Male) |
| 0:03 | Create | Villager (Male) |
| 0:04 | Build | House |
| 0:05 | Build | House |
| 1:33 | Create | Villager (Male) |
| 1:33 | Create | Villager (Male) |
| 1:48 | Build | Lumber Camp |
| 1:59 | Create | Villager (Male) |
| 1:59 | Create | Villager (Male) |
| 2:15 | Create | Villager (Male) |
| 2:50 | Create | Villager (Male) |
| 3:12 | Create | Villager (Male) |
| 3:35 | Create | Villager (Male) |
| 3:50 | Build | House |
| 4:03 | Create | Villager (Male) |
| 4:20 | Build | Mill |
| 4:36 | Create | Villager (Male) |
| 4:36 | Create | Villager (Male) |
| 5:25 | Create | Villager (Male) |
| 5:25 | Create | Villager (Male) |
| 5:26 | Create | Villager (Male) |
| 5:46 | Create | Villager (Male) |
| 5:46 | Create | Villager (Male) |
| 5:55 | Build | House |
| 6:23 | Create | Villager (Male) |
| 6:23 | Create | Villager (Male) |
| 6:34 | Create | Villager (Male) |
| 6:34 | Create | Villager (Male) |
| 7:13 | Build | Mining Camp |
| 7:51 | Build | House |
| 8:22 | Research | Feudal Age |
| 8:55 | Build | House |
| 8:56 | Build | House |
| 9:11 | Build | Farm |
| 9:15 | Build | Farm |
| 9:17 | Build | Farm |
| 9:20 | Build | Farm |
| 9:22 | Build | Farm |
| 9:27 | Create | Villager (Male) |
| 9:27 | Create | Villager (Male) |
| 9:56 | Build | Farm |
| 10:32 | Age | Feudal Age |
| 10:41 | Build | Market |
| 10:49 | Build | Blacksmith |
| 11:10 | Build | Farm |
| 11:13 | Create | Villager (Male) |
| 12:09 | Research | Loom |
| 12:10 | Research | Castle Age |
| 12:10 | Research | Castle Age |
| 12:15 | Create | Villager (Male) |
| 12:15 | Create | Villager (Male) |
| 12:16 | Create | Villager (Male) |
| 12:20 | Research | Castle Age |
| 12:21 | Research | Castle Age |
| 12:31 | Build | Farm |
| 12:33 | Build | Farm |
| 12:54 | Research | Horse Collar |
| 13:32 | Build | Farm |
| 13:37 | Research | Wheelbarrow |
| 14:14 | Build | House |
| 14:15 | Build | House |
| 14:16 | Build | House |
| 14:17 | Build | House |
| 14:49 | Create | Villager (Male) |
| 14:49 | Create | Villager (Male) |
| 15:00 | Age | Castle Age |
| 15:03 | Build | Town Center |
| 15:14 | Build | Town Center |
| 16:02 | Create | Villager (Male) |
| 16:03 | Create | Villager (Male) |
| 16:05 | Build | Farm |
| 16:07 | Build | Farm |
| 16:08 | Build | Farm |
| 16:09 | Build | Farm |
| 16:25 | Create | Villager (Male) |
| 16:25 | Create | Villager (Male) |
| 16:26 | Create | Villager (Male) |
| 16:26 | Create | Villager (Male) |
| 16:27 | Create | Villager (Male) |
| 16:27 | Create | Villager (Male) |
| 16:27 | Create | Villager (Male) |
| 16:27 | Create | Villager (Male) |
| 16:27 | Create | Villager (Male) |
| 16:34 | Build | House |
| 16:35 | Build | House |
| 16:36 | Build | House |
| 16:36 | Create | Villager (Male) |
| 16:42 | Build | Farm |
| 17:01 | Create | Villager (Male) |
| 17:01 | Create | Villager (Male) |
| 17:12 | Build | Farm |
| 17:13 | Create | Villager (Male) |
| 17:13 | Create | Villager (Male) |
| 17:13 | Create | Villager (Male) |
| 17:30 | Create | Villager (Male) |
| 17:30 | Create | Villager (Male) |
| 17:33 | Build | Farm |
| 17:38 | Build | Farm |
| 17:42 | Build | Farm |
| 17:46 | Build | Farm |
| 17:47 | Build | Farm |
| 17:48 | Build | Farm |
| 17:51 | Build | Farm |
| 17:59 | Build | Farm |
| 18:00 | Create | Villager (Male) |
| 18:01 | Create | Villager (Male) |
| 18:01 | Create | Villager (Male) |
| 18:01 | Create | Villager (Male) |
| 18:07 | Build | Farm |
| 18:21 | Create | Villager (Male) |
| 18:22 | Create | Villager (Male) |
| 18:22 | Create | Villager (Male) |
| 18:26 | Build | Farm |
| 18:36 | Build | House |
| 18:37 | Build | House |
| 18:38 | Build | House |
| 18:39 | Create | Villager (Male) |
| 18:39 | Create | Villager (Male) |
| 18:51 | Build | Farm |
| 18:57 | Create | Villager (Male) |
| 18:58 | Create | Villager (Male) |
| 19:02 | Create | Villager (Male) |
| 19:02 | Create | Villager (Male) |
| 19:02 | Create | Villager (Male) |
| 19:02 | Create | Villager (Male) |
| 19:08 | Build | Lumber Camp |
| 19:16 | Build | Farm |
| 19:27 | Build | Farm |
| 19:42 | Create | Villager (Male) |
| 19:43 | Create | Villager (Male) |
| 19:43 | Create | Villager (Male) |
| 19:43 | Create | Villager (Male) |
| 19:43 | Create | Villager (Male) |
| 19:43 | Create | Villager (Male) |
| 19:44 | Create | Villager (Male) |
| 19:47 | Build | Farm |
| 19:51 | Build | Farm |
| 20:02 | Build | Barracks |
| 20:03 | Create | Villager (Male) |
| 20:03 | Create | Villager (Male) |
| 20:04 | Create | Villager (Male) |
| 20:04 | Create | Villager (Male) |
| 20:04 | Create | Villager (Male) |
| 20:15 | Build | Farm |
| 20:28 | Build | Farm |
| 20:35 | Create | Villager (Male) |
| 20:35 | Create | Villager (Male) |
| 20:36 | Create | Villager (Male) |
Build order — CMD_Edahi287
First 150 of 452 actions detected
| 0:02 | Create | Villager (Male) |
| 0:02 | Create | Villager (Male) |
| 0:02 | Create | Villager (Male) |
| 0:03 | Create | Villager (Male) |
| 0:04 | Build | House |
| 0:05 | Build | House |
| 1:20 | Create | Villager (Male) |
| 1:43 | Create | Villager (Male) |
| 1:53 | Build | Lumber Camp |
| 2:03 | Create | Villager (Male) |
| 2:22 | Create | Villager (Male) |
| 2:22 | Create | Villager (Male) |
| 2:49 | Create | Villager (Male) |
| 3:33 | Create | Villager (Male) |
| 3:48 | Create | Villager (Male) |
| 3:49 | Create | Villager (Male) |
| 4:06 | Create | Villager (Male) |
| 4:06 | Create | Villager (Male) |
| 4:11 | Build | House |
| 4:21 | Create | Villager (Male) |
| 4:21 | Create | Villager (Male) |
| 4:21 | Create | Villager (Male) |
| 4:28 | Build | Mill |
| 4:39 | Create | Villager (Male) |
| 5:51 | Create | Villager (Male) |
| 5:57 | Build | House |
| 6:30 | Create | Villager (Male) |
| 6:30 | Create | Villager (Male) |
| 7:22 | Create | Villager (Male) |
| 7:25 | Research | Feudal Age |
| 7:25 | Research | Feudal Age |
| 7:28 | Create | Villager (Male) |
| 7:41 | Build | Mining Camp |
| 7:50 | Research | Feudal Age |
| 8:47 | Create | Villager (Male) |
| 9:10 | Build | House |
| 9:22 | Create | Villager (Male) |
| 9:31 | Build | Farm |
| 9:46 | Build | Farm |
| 10:32 | Age | Feudal Age |
| 10:40 | Create | Villager (Male) |
| 10:43 | Build | Market |
| 10:55 | Build | Blacksmith |
| 11:41 | Research | Castle Age |
| 11:46 | Build | Mining Camp |
| 12:20 | Create | Villager (Male) |
| 12:44 | Create | Villager (Male) |
| 13:09 | Create | Villager (Male) |
| 13:20 | Build | House |
| 13:42 | Create | Villager (Male) |
| 13:47 | Build | Farm |
| 14:27 | Age | Castle Age |
| 14:39 | Build | Monastery |
| 14:44 | Create | Villager (Male) |
| 15:06 | Build | House |
| 15:10 | Create | Villager (Male) |
| 15:28 | Create | Monk |
| 15:47 | Build | Castle |
| 15:52 | Create | Villager (Male) |
| 15:53 | Build | Farm |
| 15:53 | Build | Farm |
| 15:54 | Build | Farm |
| 16:07 | Research | Fletching |
| 16:07 | Research | Fletching |
| 16:24 | Build | Farm |
| 16:32 | Build | Lumber Camp |
| 16:35 | Build | Farm |
| 16:53 | Create | Villager (Male) |
| 16:53 | Research | Loom |
| 16:56 | Build | Farm |
| 16:57 | Build | Farm |
| 17:00 | Create | Unit 1968 ×4 |
| 17:37 | Build | Farm |
| 17:51 | Research | Bodkin Arrow |
| 17:55 | Create | Unit 1968 |
| 18:11 | Create | Unit 1968 |
| 18:18 | Create | Villager (Male) |
| 18:21 | Build | Farm |
| 18:22 | Build | Farm |
| 18:28 | Create | Unit 1968 |
| 18:32 | Create | Villager (Male) |
| 18:32 | Create | Villager (Male) |
| 18:35 | Build | Farm |
| 18:53 | Create | Petard |
| 19:15 | Create | Petard |
| 19:16 | Create | Unit 1968 |
| 19:17 | Create | Unit 1968 |
| 19:22 | Create | Villager (Male) |
| 19:23 | Create | Villager (Male) |
| 19:45 | Build | Farm |
| 19:47 | Create | Villager (Male) |
| 20:04 | Create | Villager (Male) |
| 20:16 | Create | Unit 1968 ×3 |
| 20:20 | Create | Villager (Male) |
| 20:41 | Create | Unit 1968 |
| 20:52 | Create | Villager (Male) |
| 20:52 | Create | Villager (Male) |
| 21:19 | Create | Unit 1968 |
| 21:36 | Create | Villager (Male) |
| 21:39 | Create | Unit 1968 |
| 22:38 | Create | Unit 1968 |
| 22:39 | Create | Unit 1968 |
| 22:53 | Create | Villager (Male) |
| 22:53 | Create | Villager (Male) |
| 23:35 | Create | Villager (Male) |
| 23:44 | Build | Farm |
| 23:45 | Build | Mill |
| 23:46 | Build | Farm |
| 23:46 | Build | Farm |
| 23:46 | Build | Farm |
| 23:47 | Build | Farm |
| 23:47 | Build | Farm |
| 23:56 | Create | Petard |
| 23:57 | Create | Petard |
| 23:57 | Create | Unit 1968 |
| 23:57 | Create | Unit 1968 |
| 23:58 | Create | Unit 1968 |
| 24:00 | Create | Villager (Male) |
| 24:27 | Build | Farm |
| 24:29 | Build | Farm |
| 24:30 | Build | Farm |
| 25:18 | Create | Unit 1968 |
| 25:22 | Create | Monk |
| 25:22 | Create | Monk |
| 25:45 | Build | Farm |
| 25:54 | Research | Imperial Age |
| 26:12 | Create | Unit 1968 |
| 26:12 | Create | Unit 1968 |
| 26:41 | Create | Monk |
| 26:43 | Create | Villager (Male) |
| 26:51 | Create | Unit 1968 |
| 26:52 | Create | Unit 1968 |
| 26:55 | Build | House |
| 27:19 | Create | Unit 1968 |
| 27:34 | Create | Unit 1968 ×2 |
| 28:03 | Create | Unit 1968 |
| 28:04 | Create | Unit 1968 |
| 28:29 | Create | Unit 1968 |
| 28:37 | Create | Villager (Male) |
| 28:48 | Create | Unit 1968 |
| 29:04 | Age | Imperial Age |
| 29:11 | Research | Bracer |
| 29:13 | Create | Villager (Male) |
| 29:22 | Create | Villager (Male) |
| 29:34 | Build | University |
| 29:41 | Create | Unit 1968 |
| 29:47 | Create | Villager (Male) |
| 30:16 | Create | Unit 1968 |
| 30:16 | Create | Unit 1968 |
| 30:24 | Create | Villager (Male) |
Match timeline
| 2:47 | FiveQuill1 · wall_segment Palisade Wall x1 |
| 8:26 | gabi98bac · age_up feudal |
| 8:50 | CMD_AzTraL_ · wall_segment Palisade Wall x1 |
| 8:54 | CMD_AzTraL_ · wall_segment Palisade Wall x1 |
| 8:55 | CMD_AzTraL_ · wall_segment Palisade Wall x1 |
| 9:05 | CMD_AzTraL_ · wall_segment Palisade Wall x1 |
| 9:06 | CMD_AzTraL_ · wall_segment Palisade Wall x1 |
| 9:08 | CMD_AzTraL_ · wall_segment Palisade Wall x1 |
| 9:36 | CMD_AzTraL_ · wall_segment Palisade Wall x1 |
| 9:37 | CMD_AzTraL_ · wall_segment Palisade Wall x1 |
| 9:40 | CMD_AzTraL_ · wall_segment Palisade Wall x1 |
| 9:41 | CMD_AzTraL_ · wall_segment Palisade Wall x1 |
| 10:06 | 隐藏国王 · age_up feudal |
| 10:08 | FiveQuill1 · age_up feudal |
| 10:32 | CMD_Edahi287 · age_up feudal |
| 10:32 | CMD_Black_Legion · age_up feudal |
| 10:41 | lex · age_up feudal |
| 10:52 | CMD_AzTraL_ · age_up feudal |
| 11:04 | CMD_El Primo · age_up feudal |
| 11:12 | CMD_AzTraL_ · wall_segment Palisade Wall x1 |
| 11:39 | CMD_Edahi287 · first_market_buy 100 food |
| 12:10 | lex · first_market_sell 100 stone |
| 13:21 | CMD_AzTraL_ · wall_segment Stone Wall x1 |
| 13:22 | CMD_AzTraL_ · wall_segment Stone Wall x1 |
| 13:23 | CMD_AzTraL_ · wall_segment Stone Wall x1 |
| 13:52 | 隐藏国王 · age_up castle |
| 13:56 | lex · tribute_sent a jugador 1 |
| 13:56 | lex · tribute_sent a jugador 2 |
| 13:56 | lex · tribute_sent a jugador 3 |
| 13:56 | lex · tribute_sent a jugador 4 |
| 13:56 | lex · tribute_sent a jugador 5 |
| 13:56 | lex · tribute_sent a jugador 6 |
| 13:56 | lex · tribute_sent a jugador 8 |
| 14:01 | FiveQuill1 · age_up castle |
| 14:27 | CMD_Edahi287 · age_up castle |
| 14:33 | FiveQuill1 · first_building Monastery |
| 14:37 | CMD_El Primo · age_up castle |
| 14:39 | CMD_Edahi287 · first_building Monastery |
| 14:50 | lex · age_up castle |
| 14:52 | CMD_AzTraL_ · wall_segment Stone Wall x1 |
| 14:59 | CMD_AzTraL_ · age_up castle |
| 15:00 | CMD_Black_Legion · age_up castle |
| 15:13 | CMD_AzTraL_ · first_building Siege Workshop |
| 15:47 | CMD_Edahi287 · first_building Castle |
| 15:57 | CMD_AzTraL_ · first_market_buy 100 wood |
| 16:24 | 隐藏国王 · first_market_buy 100 wood |
| 16:45 | CMD_El Primo · first_market_buy 100 stone |
| 18:24 | 隐藏国王 · first_building Castle |
| 19:03 | FiveQuill1 · first_market_buy 100 stone |
| 20:02 | CMD_Black_Legion · first_building Barracks |
| 20:40 | 隐藏国王 · first_building Barracks |
| 20:57 | CMD_El Primo · first_market_sell 100 wood |
| 21:15 | CMD_Black_Legion · first_market_sell 100 food |
| 21:16 | CMD_Black_Legion · first_market_buy 100 stone |
| 21:25 | 隐藏国王 · first_building Stable |
| 21:58 | lex · wall_segment Stone Wall x1 |
| 22:42 | lex · wall_segment Stone Wall x1 |
| 22:45 | CMD_El Primo · first_building Monastery |
| 23:27 | CMD_Black_Legion · first_building Monastery |
| 24:04 | CMD_Edahi287 · first_market_sell 500 wood |
| 24:44 | gabi98bac · age_up castle |
| 24:51 | gabi98bac · first_building Monastery |
| 24:56 | gabi98bac · first_building Siege Workshop |
| 25:18 | FiveQuill1 · first_building Barracks |
| 25:24 | 隐藏国王 · first_market_sell 100 wood |
| 25:33 | CMD_El Primo · first_building Barracks |
| 25:33 | lex · first_building Monastery |
| 26:13 | FiveQuill1 · first_building Castle |
| 26:16 | lex · first_building Barracks |
| 26:48 | lex · first_building Castle |
| 26:51 | FiveQuill1 · first_building Stable |
| 26:57 | FiveQuill1 · first_building Archery Range |
| 27:30 | CMD_AzTraL_ · first_market_sell 100 wood |
| 27:38 | gabi98bac · first_market_buy 100 food |
| 27:43 | gabi98bac · first_market_sell 100 stone |
| 28:16 | lex · first_building Archery Range |
| 28:26 | gabi98bac · first_building Castle |
| 28:36 | CMD_Black_Legion · age_up imperial |
| 29:04 | CMD_Edahi287 · age_up imperial |
| 29:06 | CMD_El Primo · first_building Siege Workshop |
| 29:13 | FiveQuill1 · age_up imperial |
| 29:16 | lex · age_up imperial |
| 29:18 | 隐藏国王 · first_building Monastery |
| 30:10 | FiveQuill1 · first_market_sell 500 wood |
| 30:30 | CMD_El Primo · age_up imperial |
| 30:59 | CMD_El Primo · first_building Castle |
| 31:46 | gabi98bac · age_up imperial |
| 31:54 | gabi98bac · wall_segment Stone Wall x1 |
| 31:56 | gabi98bac · wall_segment Stone Wall x1 |
| 31:57 | gabi98bac · wall_segment Stone Wall x1 |
| 32:47 | FiveQuill1 · tribute_sent a jugador 2 |
| 32:47 | FiveQuill1 · tribute_sent a jugador 3 |
| 32:47 | FiveQuill1 · tribute_sent a jugador 4 |
| 32:47 | FiveQuill1 · tribute_sent a jugador 5 |
| 32:47 | FiveQuill1 · tribute_sent a jugador 6 |
| 32:47 | FiveQuill1 · tribute_sent a jugador 7 |
| 32:47 | FiveQuill1 · tribute_sent a jugador 8 |
| 33:03 | CMD_Black_Legion · tribute_sent a jugador 1 |
| 33:03 | CMD_Black_Legion · tribute_sent a jugador 2 |
| 33:03 | CMD_Black_Legion · tribute_sent a jugador 3 |
| 33:03 | CMD_Black_Legion · tribute_sent a jugador 4 |
| 33:03 | CMD_Black_Legion · tribute_sent a jugador 5 |
| 33:03 | CMD_Black_Legion · tribute_sent a jugador 7 |
| 33:03 | CMD_Black_Legion · tribute_sent a jugador 8 |
| 33:43 | gabi98bac · first_building Barracks |
| 34:02 | FiveQuill1 · tribute_sent a jugador 2 |
| 34:02 | FiveQuill1 · tribute_sent a jugador 3 |
| 34:02 | FiveQuill1 · tribute_sent a jugador 4 |
| 34:02 | FiveQuill1 · tribute_sent a jugador 5 |
| 34:02 | FiveQuill1 · tribute_sent a jugador 6 |
| 34:02 | FiveQuill1 · tribute_sent a jugador 7 |
| 34:02 | FiveQuill1 · tribute_sent a jugador 8 |
| 34:43 | FiveQuill1 · tribute_sent a jugador 2 |
| 34:43 | FiveQuill1 · tribute_sent a jugador 3 |
| 34:43 | FiveQuill1 · tribute_sent a jugador 4 |
| 34:43 | FiveQuill1 · tribute_sent a jugador 5 |
| 34:43 | FiveQuill1 · tribute_sent a jugador 6 |
| 34:43 | FiveQuill1 · tribute_sent a jugador 7 |
| 34:43 | FiveQuill1 · tribute_sent a jugador 8 |
| 34:45 | CMD_Black_Legion · first_building Stable |
| 34:48 | CMD_AzTraL_ · first_building Castle |
| 35:37 | gabi98bac · wall_segment Stone Wall x1 |
| 37:24 | FiveQuill1 · tribute_sent a jugador 2 |
| 37:24 | FiveQuill1 · tribute_sent a jugador 3 |
| 37:24 | FiveQuill1 · tribute_sent a jugador 4 |
| 37:24 | FiveQuill1 · tribute_sent a jugador 5 |
| 37:25 | FiveQuill1 · tribute_sent a jugador 6 |
| 37:25 | FiveQuill1 · tribute_sent a jugador 7 |
| 37:25 | FiveQuill1 · tribute_sent a jugador 8 |
| 38:25 | CMD_Black_Legion · first_building Castle |
| 38:45 | FiveQuill1 · tribute_sent a jugador 2 |
| 38:45 | FiveQuill1 · tribute_sent a jugador 3 |
| 38:45 | FiveQuill1 · tribute_sent a jugador 4 |
| 38:45 | FiveQuill1 · tribute_sent a jugador 5 |
| 38:45 | FiveQuill1 · tribute_sent a jugador 6 |
| 38:45 | FiveQuill1 · tribute_sent a jugador 7 |
| 38:45 | FiveQuill1 · tribute_sent a jugador 8 |
| 39:25 | FiveQuill1 · tribute_sent a jugador 2 |
| 39:25 | FiveQuill1 · tribute_sent a jugador 3 |
| 39:25 | FiveQuill1 · tribute_sent a jugador 4 |
| 39:25 | FiveQuill1 · tribute_sent a jugador 5 |
| 39:25 | FiveQuill1 · tribute_sent a jugador 6 |
| 39:25 | FiveQuill1 · tribute_sent a jugador 7 |
| 39:25 | FiveQuill1 · tribute_sent a jugador 8 |
| 41:06 | FiveQuill1 · tribute_sent a jugador 2 |
| 41:06 | FiveQuill1 · tribute_sent a jugador 3 |
| 41:06 | FiveQuill1 · tribute_sent a jugador 4 |
| 41:06 | FiveQuill1 · tribute_sent a jugador 5 |
| 41:06 | FiveQuill1 · tribute_sent a jugador 6 |
| 41:06 | FiveQuill1 · tribute_sent a jugador 7 |
| 41:06 | FiveQuill1 · tribute_sent a jugador 8 |
| 41:37 | CMD_AzTraL_ · wall_segment Palisade Wall x1 |
| 42:10 | FiveQuill1 · tribute_sent a jugador 2 |
| 42:10 | FiveQuill1 · tribute_sent a jugador 3 |
| 42:10 | FiveQuill1 · tribute_sent a jugador 4 |
| 42:10 | FiveQuill1 · tribute_sent a jugador 5 |
| 42:10 | FiveQuill1 · tribute_sent a jugador 6 |
| 42:10 | FiveQuill1 · tribute_sent a jugador 7 |
| 42:10 | FiveQuill1 · tribute_sent a jugador 8 |
| 45:42 | lex · resign |
| 46:51 | CMD_Black_Legion · wall_segment Stone Wall x5 |
| 47:23 | FiveQuill1 · tribute_sent a jugador 2 |
| 47:23 | FiveQuill1 · tribute_sent a jugador 3 |
| 47:23 | FiveQuill1 · tribute_sent a jugador 4 |
| 47:23 | FiveQuill1 · tribute_sent a jugador 5 |
| 47:23 | FiveQuill1 · tribute_sent a jugador 6 |
| 47:23 | FiveQuill1 · tribute_sent a jugador 7 |
| 47:23 | FiveQuill1 · tribute_sent a jugador 8 |
| 49:27 | CMD_Black_Legion · first_building Siege Workshop |
| 49:53 | FiveQuill1 · first_building Siege Workshop |
| 51:06 | FiveQuill1 · tribute_sent a jugador 2 |
| 51:06 | FiveQuill1 · tribute_sent a jugador 3 |
| 51:06 | FiveQuill1 · tribute_sent a jugador 4 |
| 51:06 | FiveQuill1 · tribute_sent a jugador 5 |
| 51:06 | FiveQuill1 · tribute_sent a jugador 6 |
| 51:06 | FiveQuill1 · tribute_sent a jugador 7 |
| 51:06 | FiveQuill1 · tribute_sent a jugador 8 |
| 52:25 | CMD_Black_Legion · wall_segment Stone Wall x1 |
| 58:28 | CMD_El Primo · tribute_sent a jugador 1 |
| 58:28 | CMD_El Primo · tribute_sent a jugador 2 |
| 58:28 | CMD_El Primo · tribute_sent a jugador 3 |
| 58:28 | CMD_El Primo · tribute_sent a jugador 5 |
| 58:28 | CMD_El Primo · tribute_sent a jugador 6 |
| 58:28 | CMD_El Primo · tribute_sent a jugador 7 |
| 58:28 | CMD_El Primo · tribute_sent a jugador 8 |
| 58:46 | gabi98bac · first_building Stable |
| 59:44 | 隐藏国王 · first_building Archery Range |
| 60:05 | CMD_Edahi287 · first_building Barracks |
| 66:27 | 隐藏国王 · age_up imperial |
[ AI ANALYSIS · 1 CREDIT ]
What really happened in this match?
Wolo.gg analyzes every decision: build order, eco, micro, common mistakes by bracket. Personalized analysis on WhatsApp or Discord in 30 seconds.
Civ guide
Italians
Perfil
Jugador #21604361